 Dungeon Crawl Stone Soup version 0.22-a0-845-g8bfc27d406 (webtiles) character file.

4614 Destragon the Geomancer (level 10, -7/64 HPs)
             Began as a Gargoyle Earth Elementalist on July 26, 2018.
             Was a Believer of Sif Muna.
             Mangled by a two-headed ogre
             ... wielding a +0 giant club
              (17 damage)
             ... on level 7 of the Dungeon.
             The game lasted 00:51:38 (7585 turns).

Destragon the Geomancer (GrEE)                      Turns: 7585, Time: 00:51:38

Health: -7/64      AC: 16    Str: 12    XL:     10   Next: 42%
Magic:  22/22      EV:  9    Int: 19    God:    Sif Muna [**....]
Gold:   310        SH:  0    Dex: 10    Spells: 14/25 levels left

rFire    . . .     SeeInvis +   u - +3 quarterstaff (chaos)
rCold    . . .     Gourm    .   (shield currently unavailable)
rNeg     + . .     Faith    .   D - +2 scale mail {MR+}
rPois    ∞         Spirit   .   (no helmet)
rElec    +         Reflect  .   (no cloak)
rCorr    +         Harm     .   (no gloves)
MR       +....                  (no boots)
Stlth    +.........             (no amulet)
HPRegen  0.20/turn              A - ring of resist corrosion
MPRegen  0.18/turn              z - ring of see invisible

@: divine energy
A: negative energy resistance 1, electricity resistance, unbreathing,
petrification resistance, rot immunity, AC +7
a: Stop Divine Energy, Renounce Religion


You were on level 7 of the Dungeon.
You worshipped Sif Muna.
Sif Muna was pleased with you.
You were near starving.

You visited 2 branches of the dungeon, and saw 9 of its levels.

You collected 310 gold pieces.

Inventory:

Hand Weapons
 o - a +1 dagger of electrocution
 u - a +3 quarterstaff of chaos (weapon)
 x - a +0 mace of protection
 C - a +0 whip of flaming
Missiles
 b - 77 stones (quivered)
Armour
 D - a +2 scale mail of magic resistance (worn)
Jewellery
 g - an uncursed ring of flight
 z - a ring of see invisible (right hand)
 A - a ring of resist corrosion (left hand)
Wands
 n - a wand of flame (33)
 q - a wand of paralysis (11)
 v - a wand of disintegration (7)
 E - a wand of acid (10)
Scrolls
 f - 3 scrolls of enchant weapon
 h - a scroll of magic mapping
 i - a scroll of immolation
 k - a scroll of amnesia
 l - 3 scrolls of identify
 r - 2 scrolls of remove curse
 t - 2 scrolls of fog {unknown}
 w - 2 scrolls of teleportation {unknown}
 y - a scroll of summoning {unknown}
 B - a scroll of noise {unknown}
Potions
 a - a potion of magic
 c - a potion of berserk rage {unknown}
 e - a potion of agility
 j - a potion of brilliance
 m - 3 potions of curing
 p - 3 potions of haste
 s - 2 potions of lignification
Comestibles
 d - 16 rations


   Skills:
 + Level 8.0 Fighting
 * Level 4.7 Armour
 - Level 1.7 Dodging
 - Level 3.1 Stealth
 + Level 8.0 Spellcasting
 - Level 0.7 Transmutations
 + Level 10.7 Earth Magic


You had 14 spell levels left.
You knew the following spells:

 Your Spells              Type           Power        Failure   Level  Hunger
a - Sandblast             Erth           #####.       1%          1    None
b - Stone Arrow           Conj/Erth      ####..       14%         3    None
c - Passwall              Tmut/Erth      ####....     6%          2    None
d - Lee's Rapid Deconstr  Erth           #####.....   14%         5    #####..

Your spell library contained the following spells:

 Spells                   Type           Power        Failure   Level  Hunger
 Confuse                  Hex            #.......     77%         3    None
 Spider Form              Tmut/Pois      #.........   73%         3    None
 Blade Hands              Tmut           ##........   100%        5    #####..
 Ice Form                 Ice/Tmut       #.......     98%         4    ###....
 Confusing Touch          Hex            #.....       38%         1    None
 Sticks to Snakes         Tmut           ##......     43%         2    None
 Metabolic Englaciation   Hex/Ice        #.........   100%        5    #####..
 Petrify                  Tmut/Erth      ####....     38%         4    ###....
 Beastly Appendage        Tmut           ##....       32%         1    None
 Gell's Gravitas          Tloc           #.........   77%         3    None
 Yara's Violent Unravell  Hex/Tmut       #.........   100%        5    #####..


Dungeon Overview and Level Annotations

Branches:
Dungeon (8/15)             Temple (1/1) D:4
   Lair: D:8-11

Altars:
Ashenzari
Cheibriados
Dithmenos
Fedhas
Gozag
Hepliaklqana
Kikubaaqudgha
Makhleb
Nemelex Xobeh
Okawaru
Ru
Sif Muna
Trog
Uskayaw
Vehumet
Wu Jian
Xom
Yredelemnul
Zin
The Shining One

Shops:
D:7 =


Innate Abilities, Weirdness & Mutations

You are resistant to torment.
Your stone body is resilient. (AC +7)
You are immune to poison.
You resist negative energy. (rN+)
You are resistant to electric shocks. (rElec)
You can survive without breathing.
You are immune to petrification.
You are immune to rotting.


Message History

Confirm with . or Enter, or press ? or * to list all spells.
Aiming: Stone Arrow (safe; 14% risk of failure)
Press: ? - help, Shift-Dir - straight line, f/p - two-headed ogre
Aim: a two-headed ogre, wielding a giant club and a giant spiked club (lightly wounded)
You miscast Stone Arrow.
You are very lightly contaminated with residual magic.
You feel a surge of energy from the ground.
Your magical contamination has completely faded away.
You see here a halberd.
You see here a dagger.
There is a stone staircase leading up here.
The two-headed ogre hits you with a giant club!
The two-headed ogre hits you with a giant spiked club!
* * * LOW HITPOINT WARNING * * *
You climb upwards.
There is a stone staircase leading down here.
Okay, then.
You see here a long sword.
The two-headed ogre hits you with a giant club!
You die...

..[....>.........................
#........#####....###########..#.
########## #....# #..#. .# #.<..#
#..## .# #....# ##.# .# ###)##
#.# .# #.# #.# .##
#O#############.## ..#
#@#........)..#).# ..#
#.#.#########.#..# .8#
#.#.......# #..... ..#
#.#######.#######. ..#
#...........# #. .∩#
##############.#.# #.
..#########........#####.#.# ##
......................##.#.# #
.8#########........##.##.#># #


You could see a two-headed ogre.

Vanquished Creatures
  A hydra (D:7)
  A two-headed ogre (D:8)
  Pikel (D:6)
  Grinder (D:6)
  A hippogriff (D:7)
  2 dream sheep (D:8)
  2 yaks (D:8)
  Menkaure (D:7)
  A water moccasin (D:6)
  A phantom (D:6)
  A slave (D:6)
  An ogre (D:7)
  5 big kobolds
  A bullfrog (D:7)
  4 killer bees (D:8)
  3 crimson imps
  2 hounds (D:4)
  3 orc priests
  A bullfrog skeleton (D:7)
  A gnoll shaman (D:6)
  Crazy Yiuf (D:4)
  An iguana (D:6)
  An orc wizard (D:5)
  8 worker ants
  A worker ant zombie (D:6)
  11 gnolls
  6 adders
  An ooze (D:3)
  4 worms
  3 dart slugs
  3 leopard geckos
  12 orcs
  5 bats
  2 giant cockroaches
  3 goblins
  10 hobgoblins
  7 jackals
  25 kobolds
  A quokka (D:6)
  2 ball pythons (D:2)
  3 frilled lizards
  A quokka zombie (D:6)
  7 rats
152 creatures vanquished.

Vanquished Creatures (others)
  A slave (D:7)
  2 orc priests (D:7)
  An orc wizard (D:7)
  A shadow imp (D:7)
  An orc (D:7)
6 creatures vanquished.

Grand Total: 158 creatures vanquished

Notes
Turn   | Place    | Note
-------+----------+-------------------------------------------
     0 | D:1      | Destragon the Gargoyle Earth Elementalist began the quest for the Orb.
     0 | D:1      | Reached XP level 1. HP: 10/10 MP: 3/3
   334 | D:1      | Reached XP level 2. HP: 15/15 MP: 3/5
   554 | D:2      | Found a faded altar of an unknown god.
   591 | D:2      | Reached skill level 4 in Earth Magic
   695 | D:2      | Reached XP level 3. HP: 17/19 MP: 3/6
   757 | D:2      | Reached XP level 4. HP: 15/24 MP: 1/8
   904 | D:2      | Found a shadowy altar of Dithmenos.
  1180 | D:2      | Learned a level 3 spell: Stone Arrow
  1403 | D:1      | Reached skill level 5 in Earth Magic
  1403 | D:1      | Reached XP level 5. HP: 18/28 MP: 5/9
  1879 | D:3      | Found a sacrificial altar of Ru.
  2154 | D:3      | Noticed a big kobold
  2240 | D:3      | Killed a big kobold
  2240 | D:3      | Reached XP level 6. HP: 14/32 MP: 1/11
  2376 | D:3      | Reached skill level 6 in Earth Magic
  2805 | D:4      | Reached skill level 1 in Fighting
  2865 | D:4      | Found a staircase to the Ecumenical Temple.
  2869 | Temple   | Entered the Ecumenical Temple
  2953 | Temple   | Became a worshipper of Sif Muna the Loreminder
  3019 | D:4      | Found a runed door.
  3472 | D:4      | Noticed Crazy Yiuf
  3484 | D:4      | Killed Crazy Yiuf
  3484 | D:4      | Reached XP level 7. HP: 19/39 MP: 2/13
  3590 | D:5      | Entered Level 5 of the Dungeon
  4073 | D:5      | You fall through a shaft for 3 floors!
  4078 | D:8      | Noticed a two-headed ogre
  4082 | D:8      | Learned a level 2 spell: Passwall
  4107 | D:8      | Killed a two-headed ogre
  4107 | D:8      | Reached * piety under Sif Muna
  4107 | D:8      | Reached skill level 5 in Spellcasting
  4107 | D:8      | Reached skill level 7 in Earth Magic
  4107 | D:8      | Reached XP level 8. HP: 14/48 MP: 1/16
  4214 | D:8      | Reached skill level 8 in Earth Magic
  4218 | D:8      | Noticed a dream sheep
  4218 | D:8      | Noticed a dream sheep
  4219 | D:8      | Noticed a yak
  4219 | D:8      | Noticed a yak
  4526 | D:6      | Reached skill level 5 in Fighting
  4809 | D:6      | Reached XP level 9. HP: 8/55 MP: 4/18
  4816 | D:6      | Reached skill level 9 in Earth Magic
  5150 | D:6      | Reached ** piety under Sif Muna
  5248 | D:6      | Noticed Grinder
  5248 | D:6      | Paralysed by Grinder for 3 turns
  5271 | D:5      | Learned a level 5 spell: Lee's Rapid Deconstruction
  5701 | D:6      | Killed Grinder
  5732 | D:7      | Noticed Pikel
  5837 | D:6      | Killed Pikel
  6249 | D:7      | Found Goskeigu's Jewellery Emporium.
  6253 | D:7      | Reached skill level 10 in Earth Magic
  6258 | D:7      | Noticed Menkaure
  6266 | D:7      | Killed Menkaure
  6735 | D:7      | Reached skill level 1 in Armour
  6916 | D:8      | Reached XP level 10. HP: 63/63 MP: 1/21
  6977 | D:8      | Noticed a two-headed hydra
  7023 | D:7      | Killed a two-headed hydra
  7327 | D:8      | Noticed a two-headed ogre
  7585 | D:7      | Mangled by a two-headed ogre

Vault maps used:
D:1:      dpeg_arrival_yet_another_circle
D:2:      chequers_ecumenical_altar_simple_redux,
          grunt_dithmenos_smoke_and_mirrors
D:3:      cheibrodos_thug_alley, nicolae_ru_great_annihilating_truth,
          kennysheep_generic_room_11
D:4:      minmay_temple_entry_glassed_door, uniq_crazy_yiuf_cottage
D:5:      first_ration
D:6:      st_stairs_10, uniq_grinder
D:7:      serial_shops, shop_statue, minivault_5, uniq_pikel, uniq_menkaure
D:8:      serial_shops, nicolae_shop_trees, hangedman_decor_clover_reticule,
          hangedman_ranch
Temple:   regret_index_temple_chain_breaker

Skill      XL: |  1  2  3  4  5  6  7  8  9 10 |
---------------+-------------------------------+-----
Earth Magic    | 4 5 6 7 8 10 | 10.7
Stealth        | 3 |  3.1
Spellcasting   | 3 4 5 6 7 8 |  8.0
Fighting       | 1 4 5 7 8 |  8.0
Armour         | 2 4 |  4.7
Dodging        | |  1.7
Transmutations | |  0.7

Action                   |  1- 3 |  4- 6 |  7- 9 | 10-12 || total
-------------------------+-------+-------+-------+-------++-------
Melee: Unarmed           |    10 |       |       |       ||    10
       Dagger            |    48 |    28 |       |       ||    76
       Whip              |       |   208 |       |       ||   208
       Quarterstaff      |       |       |    89 |    29 ||   118
 Cast: Sandblast         |    21 |    54 |     7 |       ||    82
       Stone Arrow       |       |    20 |    69 |    14 ||   103
       Passwall          |       |       |     2 |     2 ||     4
       Lee's Rapid Decon |       |       |    10 |     4 ||    14
Invok: Divine Energy     |       |       |     1 |       ||     1
  Use: Scroll            |       |     9 |     3 |       ||    12
       Potion            |       |     1 |       |       ||     1
 Stab: Sleeping          |       |     5 |     1 |       ||     6
       Confused          |       |       |     1 |       ||     1
       Paralysed         |       |       |     1 |       ||     1
  Eat: Chunk             |       |    10 |    12 |     3 ||    25
       Ration            |       |       |     1 |       ||     1
Armor: Robe              |    23 |    95 |    50 |       ||   168
       Skin              |       |     1 |       |       ||     1
       Scale mail        |       |       |     1 |    46 ||    47
Dodge: Dodged            |    53 |   193 |    79 |    40 ||   365

Table legend:
 A = Spawn XP
 B = Non-spawn XP
 C = Spawn XP percentage of total XP
 D = Spawn monster count
 E = Non-spawn monster count
 F = Spawn count percentage of total count
 G = Total turns spent on level
                    A         B        C        D         E        F      G
               +---------+---------+-------+---------+---------+-------+---------
         Total |       0 |    6592 |   0.0 |       0 |     151 |   0.0 |  7585
               +---------+---------+-------+---------+---------+-------+---------
           D:1 |       0 |      43 |   0.0 |       0 |      17 |   0.0 |   870
           D:2 |       0 |     122 |   0.0 |       0 |      23 |   0.0 |   743
           D:3 |       0 |     230 |   0.0 |       0 |      34 |   0.0 |   914
           D:4 |       0 |     234 |   0.0 |       0 |       9 |   0.0 |   963
           D:5 |       0 |      87 |   0.0 |       0 |      10 |   0.0 |   698
           D:6 |       0 |    1719 |   0.0 |       0 |      29 |   0.0 |  1226
           D:7 |       0 |    1711 |   0.0 |       0 |      10 |   0.0 |  1283
           D:8 |       0 |    2446 |   0.0 |       0 |      19 |   0.0 |   788
               +---------+---------+-------+---------+---------+-------+---------
